 Dungeon Crawl Stone Soup version 0.31.0-11-ge490571c62 (webtiles) character file.

Game seed: 9130605379385902206

4188 mdonais the Fighter (level 10, -8/82 HPs)
             Began as a Human Delver on Jan 28, 2024.
             Was a High Priest of Uskayaw.
             Mangled by a troll (15 damage)
             ... on level 8 of the Dungeon.
             The game lasted 00:24:09 (6837 turns).

mdonais the Fighter (Human Delver)                  Turns: 6837, Time: 00:24:10

Health: -8/82      AC:  7    Str: 13    XL:     10   Next: 29%
Magic:  24/24      EV: 15    Int: 11    God:    Uskayaw [*****.]
Gold:   340        SH:  0    Dex: 18    Spells: 9/9 levels left

rFire   . . .        a - +9 rapier of Recklessness {heavy, MP+9}
rCold   . . .        (no shield)
rNeg    . . .        B - +3 leather armour {Will+}
rPois   .            (no helmet)
rElec   +            s - scarf {repulsion}
rCorr   +            (no gloves)
SInv    .            A - +0 pair of boots
Will    +....        f - amulet of Xetrynwu {Faith rElec Regen+ rCorr}
Stlth   +++          (no ring)
HPRegen 1.13/turn    (no ring)
MPRegen 0.19/turn

%: repel missiles, faith
@: lethally poisoned (-8 -> -18), weakened
A: explore regen
a: Renounce Religion, Stomp, Line Pass, Grand Finale


You were on level 8 of the Dungeon.
You worshipped Uskayaw.
Uskayaw was noncommittal.
You visited 2 branches of the dungeon, and saw 9 of its levels.
You also visited: Sewer.

You collected 340 gold pieces.

Inventory:

Hand Weapons
 a - the +9 rapier of Recklessness (weapon) {heavy, MP+9}
   (You found it on level 4 of the Dungeon)

   MP+9:      It affects your magic capacity (+9).
 b - a +0 sling
   (You took it off a goblin on level 2 of the Dungeon)
Missiles
 t - a boomerang (quivered)
 I - 12 poisoned darts
Armour
 i - the +1 scale mail "Forget-Me-Not" {rF- Regen+ Str-4 Dex+7 Stlth+}
   (You found it in a sewer)

   Str-4:     It affects your strength (-4).
   Dex+7:     It affects your dexterity (+7).
   rF-:       It makes you vulnerable to fire.
   Regen+:    It increases your rate of health regeneration.
   Stlth+:    It makes you more stealthy.
 s - a scarf of repulsion (worn)
   (You found it on level 1 of the Dungeon)
 v - a +0 pair of gloves
   (You found it on level 7 of the Dungeon)
 A - a +0 pair of boots (worn)
   (You found it on level 6 of the Dungeon)
 B - a +3 leather armour of willpower (worn)
   (You found it on level 3 of the Dungeon)
Magical Staves
 E - a staff of air
   (You found it on level 4 of the Dungeon)
Jewellery
 f - the amulet of Xetrynwu (around neck) {Faith rElec Regen+ rCorr}
   (You found it on level 6 of the Dungeon)

   [amulet of faith]

   Faith:     It allows you to gain divine favour quickly.
   rElec:     It insulates you from electricity.
   Regen+:    It increases your rate of health regeneration.
   rCorr:     It protects you from acid and corrosion.
 r - an amulet of the acrobat
   (You found it on level 2 of the Dungeon)
 y - an amulet of guardian spirit
   (You found it on level 1 of the Dungeon)
Talismans
 d - a beast talisman
   (You found it on level 5 of the Dungeon)
Wands
 D - a wand of digging (1)
Scrolls
 c - 3 scrolls of fog
 g - a scroll of torment {unknown}
 l - 3 scrolls of noise
 n - a scroll of fear
 o - 4 scrolls of revelation
 p - 2 scrolls of enchant weapon {unknown}
 w - a scroll of vulnerability
 x - 2 scrolls of teleportation {unknown}
 z - a scroll of enchant armour {unknown}
 G - a scroll of blinking {unknown}
 R - a scroll of identify
Potions
 e - 2 potions of berserk rage {unknown}
 h - 4 potions of resistance
 j - a potion of mutation
 k - 2 potions of heal wounds
 m - a potion of brilliance
 q - 2 potions of degeneration {unknown}
 u - 2 potions of attraction
 C - a potion of enlightenment
 F - a potion of ambrosia {unknown}
 H - a potion of haste
 J - a potion of cancellation {unknown}
 Q - 3 potions of curing
Miscellaneous
 K - a phantom mirror
   (You found it on level 7 of the Dungeon)


   Skills:
 + Level 8.4 Fighting
 + Level 8.2 Short Blades
 + Level 6.6 Dodging
 - Level 6.0 Stealth
 + Level 6.7 Invocations


You had 9 spell levels left.
You didn't know any spells.
Your spell library contained the following spells:

 Spells                   Type           Power      Damage    Failure   Level
 Hailstorm                Conj/Ice       0%         3d5       80%         3
 Summon Ice Beast         Ice/Summ       0%         N/A       80%         3
 Sculpt Simulacrum        Ice/Alch       0%         N/A       100%        6


Dungeon Overview and Level Annotations

Branches:
Dungeon (8/15) Zot: 26778  Temple (1/1) D:6 Zot: 5998   Sewer (visited)
   Lair: D:8-11

Altars:
Ashenzari
Cheibriados
Dithmenos
Elyvilon
Fedhas
Gozag
Makhleb
Nemelex Xobeh
Okawaru
Ru
Sif Muna
Trog
Uskayaw
Vehumet
Wu Jian
Xom
Yredelemnul
Zin
The Shining One

Shops:
D:7 (


Innate Abilities, Weirdness & Mutations

You regain HP and MP as you explore.


Message History

You take 3 damage, and have 79/82 hp.
You impale the orc!!
You kill the orc!
You regained 2 hp, and now have 81/82 hp.
You barely miss the orc. The orc hits you but does no damage.
Health restored: 82 You impale the orc!!
You kill the orc!
No target in view!
No target in view!
No target in view!
No target in view!
No target in view!
No target in view!
No target in view!
No target in view!
No target in view!
No target in view!
No target in view!
No target in view!
You see here a +0 trident.
Found a stone staircase leading up.
o - 4 scrolls of revelation (gained 1)
Found a leather armour.
c - 3 scrolls of fog (gained 1)
There is a stone staircase leading up here.
A steam dragon comes into view.
The steam dragon moves out of view.
Found 12 gold pieces.
Throw: boomerang
Press: ? - help, Q - select action, (/) - cycle Shift-Dir - straight line, f - steam dragon
Aim: a steam dragon (wandering, hasn't noticed you, 63% to hit)
You throw a boomerang. The steam dragon hisses angrily.
The boomerang hits the steam dragon.
The steam dragon is lightly wounded.
The steam dragon breathes steam at you. The ball of steam misses you.
You hear a croak.
You hear an angry hiss.
You hear a shout! x2
You impale the steam dragon!!
The steam dragon is severely wounded.
You are engulfed in a cloud of scalding steam.
The steam dragon misses you. x2
A bullfrog comes into view.
You can now pass through a line of other dancers.
You closely miss the steam dragon.
The steam dragon is severely wounded.
You are engulfed in a cloud of scalding steam.
The steam dragon barely misses you. x2; The steam dragon closely misses you.
The steam dragon misses you.
You take 1 damage, and have 81/82 hp.
You puncture the steam dragon!
You kill the steam dragon!
You are engulfed in a cloud of scalding steam.
You take 2 damage, and have 79/82 hp.
A water moccasin comes into view.
The water moccasin hisses angrily.
You hit the bullfrog.
The bullfrog is moderately wounded.
You hear a shout!
The bullfrog barely misses you. The bullfrog completely misses you.
Uskayaw will force your foes to helplessly watch your dance.
Uskayaw prepares the audience for your solo!
The helpless bullfrog fails to defend itself.
You spit the bullfrog like a pig!!!!
You kill the bullfrog!
Uskayaw prepares the audience for your solo!
Health restored: 82 A centaur warrior comes into view.
The centaur warrior moves out of view.
MP restored: 24 A gnoll bouda comes into view.
It is wielding a +0 club.
The water moccasin is no longer paralysed.
The water moccasin bites you.
A troll comes into view.
The centaur warrior hits you!
The centaur warrior kicks you but does no damage.
The water moccasin barely misses you.
You take 13 damage, and have 69/82 hp.
The gnoll bouda shouts!
You impale the centaur warrior!!
The centaur warrior is moderately wounded.
The centaur warrior closely misses you.
The centaur warrior kicks you but does no damage.
The water moccasin completely misses you.
The centaur warrior completely misses you.
The centaur warrior kicks you but does no damage.
An ice beast comes into view.
Uskayaw will force your foes to share their pain.
Uskayaw links your audience in an emotional bond!
You hit the centaur warrior.
The centaur warrior is heavily wounded.
The water moccasin misses you. The centaur warrior hits you.
The centaur warrior kicks you. The water moccasin barely misses you.
You take 6 damage, and have 64/82 hp.
You puncture the centaur warrior!
The centaur warrior is severely wounded.
The water moccasin is no longer sharing its pain.
The centaur warrior closely misses you.
The centaur warrior kicks you but does no damage.
The water moccasin bites you.
The centaur warrior hits you but does no damage.
The centaur warrior barely misses you.
You can now merge with and destroy a victim.
You take 4 damage, and have 60/82 hp.
You closely miss the centaur warrior.
The centaur warrior is severely wounded.
The gnoll bouda is no longer sharing its pain.
The water moccasin bites you!
You are poisoned.
The water moccasin poisons you! The centaur warrior hits you!
The centaur warrior kicks you but does no damage.
The water moccasin bites you but does no damage.
The centaur warrior hits you! The centaur warrior kicks you.
You take 25 damage, and have 35/82 hp.
MASSIVE DAMAGE!!
You puncture the centaur warrior!
The centaur warrior is almost dead.
You feel very sick.
The centaur warrior is no longer sharing its pain.
The centaur warrior misses you. The centaur warrior kicks you.
The water moccasin bites you.
* * * LOW HITPOINT WARNING * * *
The centaur warrior closely misses you. The centaur warrior barely misses you.
The water moccasin barely misses you.
You take 11 damage, and have 24/82 hp.
You puncture the centaur warrior!
The centaur warrior is almost dead.
You feel very sick.
The ice beast is no longer sharing its pain.
The centaur warrior hits you but does no damage.
The centaur warrior misses you. The water moccasin closely misses you.
You take 2 damage, and have 22/82 hp.
You puncture the water moccasin!
The water moccasin is severely wounded.
You feel sick. The centaur warrior hits you.
* * * LOW HITPOINT WARNING * * *
The centaur warrior kicks you but does no damage.
The water moccasin bites you.
* * * LOW HITPOINT WARNING * * *
You are more poisoned.
The water moccasin poisons you!
The gnoll bouda gazes fiercely through you!
You feel your attacks grow feeble. The centaur warrior hits you.
* * * LOW HITPOINT WARNING * * *
The centaur warrior kicks you.
* * * LOW HITPOINT WARNING * * *
The water moccasin bites you but does no damage.
The troll bites you!
You die...

###. ....# .... #... .....#....
#.####... ......#..# #........
.$.......# .# #####....
.........###.###........
.............g.....##.........
...........cS#.#..##.........
....##.....@#............... .
....#......T............... #.
.............##..>..##.... #.
#.########...##.....##.... .
#.#.#######.######..###... # ####
#.....#.##...### #..##....
###..###..##..........###..#.....
.......#.###.#..#................
.#####...# ####...>..............


You could see a centaur warrior, a troll, a water moccasin and a gnoll bouda.

Vanquished Creatures
  2 two-headed ogres (D:7)
  A steam dragon (D:8)
  The ghost of Gadfly the Insei, an amateur DsSh (D:3)
  Menkaure (D:5)
  3 sky beasts
  An ice beast (D:7)
  An orc warrior (D:6)
  3 ogres
  A black bear (D:7)
  2 boggarts (D:7)
  2 kobold brigands
  7 bullfrogs
  4 wights (D:6)
  2 howler monkeys
  2 orc priests
  2 hounds
  2 bombardier beetles
  A jelly (D:7)
  5 iguanas
  2 orc wizards
  7 gnolls (D:4)
  12 adders
  9 river rats
  A shadow imp (D:7)
  A white imp (D:5)
  2 ufetubi (D:6)
  A ribbon worm (D:3)
  5 dart slugs
  12 orcs
  18 ball pythons
  5 endoplasms
  3 giant cockroaches
  5 goblins
  8 hobgoblins
  6 quokkas
  7 bats
  5 frilled lizards
  16 kobolds
  22 rats
190 creatures vanquished.

Vanquished Creatures (others)
  A ball python (D:3)
1 creature vanquished.

Grand Total: 191 creatures vanquished

Notes
Turn   | Place    | Note
-------+----------+-------------------------------------------
     0 | D:5      | mdonais the Human Delver began the quest for the Orb.
     0 | D:5      | Reached XP level 1. HP: 18/18 MP: 1/1
     6 | D:5      | Found a basalt altar of Yredelemnul.
     6 | D:5      | Noticed a bombardier beetle
    52 | D:4      | Reached XP level 2. HP: 12/24 MP: 2/2
    88 | D:4      | Found a glowing drain.
   111 | D:4      | Identified the +9 rapier of Recklessness {heavy, MP+9}
   158 | Sewer    | Entered a sewer
   224 | Sewer    | Reached XP level 3. HP: 30/30 MP: 3/3
   322 | Sewer    | Reached XP level 4. HP: 29/37 MP: 4/4
   383 | Sewer    | Identified the +1 scale mail "Forget-Me-Not" {rF- Regen+
                  | Str-4 Dex+7 Stlth+}
   637 | Sewer    | Reached XP level 5. HP: 37/43 MP: 5/5
   701 | Sewer    | Reached skill level 5 in Fighting
   701 | Sewer    | Reached XP level 6. HP: 26/51 MP: 6/6
   915 | D:3      | Found a faded altar of an unknown god.
  1726 | D:2      | Found a glowing silver altar of Zin.
  2040 | D:3      | Found a runed translucent door.
  2040 | D:3      | Noticed Gadfly's ghost (amateur DsSh)
  2311 | D:3      | Reached skill level 5 in Short Blades
  2312 | D:3      | Found a hide-covered altar of Uskayaw.
  2322 | D:3      | Became a worshipper of Uskayaw the Reveller
  2419 | D:3      | Reached * piety under Uskayaw
  2478 | D:3      | Reached ** piety under Uskayaw
  2479 | D:3      | Reached XP level 7. HP: 56/56 MP: 7/7
  2585 | D:3      | Found a sacrificial altar of Ru.
  2985 | D:3      | Found a sacrificial altar of Ru.
  3212 | D:3      | Found a hide-covered altar of Uskayaw.
  3441 | D:3      | Found a faded altar of an unknown god.
  3589 | D:4      | Reached skill level 1 in Invocations
  4331 | D:5      | Found a broken altar of Ashenzari.
  4375 | D:5      | Found a sparkling altar of Nemelex Xobeh.
  4466 | D:5      | Noticed Menkaure
  4515 | D:5      | Killed Menkaure
  4516 | D:5      | Reached XP level 8. HP: 64/64 MP: 10/10
  4707 | D:5      | Found a glowing silver altar of Zin.
  5081 | D:6      | Reached skill level 5 in Invocations
  5114 | D:6      | Reached *** piety under Uskayaw
  5177 | D:6      | Identified the amulet of Xetrynwu {Faith rElec Regen+
                  | rCorr}
  5257 | D:6      | Reached **** piety under Uskayaw
  5326 | D:6      | Found a staircase to the Ecumenical Temple.
  5395 | D:6      | Reached XP level 9. HP: 68/71 MP: 13/13
  5720 | D:7      | Reached ***** piety under Uskayaw
  5771 | D:6      | Reached skill level 5 in Dodging
  5785 | D:7      | Noticed a two-headed ogre
  5886 | D:7      | Killed a two-headed ogre
  5907 | Temple   | Entered the Ecumenical Temple
  6077 | D:7      | Noticed a two-headed ogre
  6085 | D:7      | Killed a two-headed ogre
  6086 | D:7      | Reached XP level 10. HP: 80/80 MP: 14/14
  6106 | D:7      | Found Jekkukh's Antique Weapon Shop.
  6522 | D:3      | Killed Gadfly's ghost
  6828 | D:8      | Noticed a centaur warrior
  6837 | D:8      | Mangled by a troll

Illustrated notes

Levels and vault maps discovered:
D:1:      minmay_arrival_stone_box, layout_basic
D:2:      layout_rooms, basic_altar
D:3:      cheibrodos_pilgrimage, layout_loops_ring,
          nicolae_ru_sacrificial_ziggurat,
          nicolae_uskayaw_murder_on_the_dancefloor,
          dreamdust_ecumenical_altar_grove, ebering_ghost_sewer_d,
          dreamdust_wishing_well
D:4:      layout_gridville, mainiacjoe_sewer_entry_somewhere_in_here_2
D:5:      layout_loops_cross, nicolae_overflow_quartered_altars, uniq_menkaure
D:6:      layout_rooms, minmay_temple_entry_from_below_a
D:7:      layout_rooms, serial_shops, nicolae_shop_window_shopping,
          serial_bayou_pond_d, st_stairs_14, nicolae_phantomly_mirrored
D:8:      layout_cave_pools, mainiacjoe_overflow_catch_the_wave,
          minmay_manual_moon
Temple:   compressed_dpeg_triangle_lava_temple

Skill      XL: |  1  2  3  4  5  6  7  8  9 |
---------------+----------------------------+-----
Short Blades   | 3 4 5 6 8 |  8.2
Fighting       | 4 5 6 8 |  8.4
Dodging        | 3 4 6 |  6.6
Invocations    | 3 5 6 |  6.7
Stealth        | 6 |  6.0

Action                     |  1- 3 |  4- 6 |  7- 9 | 10-12 || total
---------------------------+-------+-------+-------+-------++-------
  Melee: Short sword       |    27 |       |       |       ||    27
         Rapier            |    32 |   112 |   144 |    53 ||   341
         Punch             |       |       |     1 |     1 ||     2
  Throw: Boomerang         |       |       |       |     7 ||     7
  Evoke: Wand              |     1 |       |     1 |       ||     2
    Use: Potion            |     1 |     1 |     4 |       ||     6
         Scroll            |     1 |     1 |     5 |       ||     7
   Stab: Sleeping          |     1 |    11 |     8 |     1 ||    21
         Distracted        |       |     1 |     5 |       ||     6
         Paralysed         |       |       |     7 |     6 ||    13
 Armour: Leather armour    |    21 |    55 |    72 |    66 ||   214
  Dodge: Dodged            |    24 |    91 |    98 |    61 ||   274
         Repelled          |       |     1 |       |       ||     1
